AoeStats
← DJ Blyatman!

MegaRandom

509657391Analyzed
2v2 RM · 5d ago on Sep 27, 2026· 48m 3s· 4 players
Game mode
Random Map
Map size
Medium (4 player)
Population
200
Speed
Normal
Resources
Standard
Victory
Conquest
Starting age
Dark Age
Ending age
Imperial Age
RankedLock teamsTeams togetherTeam positionsShared explorationLock speedFull tech treeHidden civsTurbo modeCheats
Victory
Defeat
🇨🇳 Danes · China
1266
+17
🇨🇴 Khmer · Colombia
1264
+19
🇬🇷 Varangians · Greece
1298
-18
🇨🇭 Mongols · Switzerland
1298
-18
antc37
7:56 Loom
10:46 Feudal Age
14:02 Castle Age
13:34 Double-Bit Axe
13:33 Horse Collar
14:51 Bloodlines
23:20 Bow Saw
25:19 Scale Barding Armor
25:24 Forging
28:07 Heavy Plow
27:59 Gold Mining
29:09 Chain Barding Armor
29:24 Iron Casting
29:52 Husbandry
33:47 Iron Casting
35:27 Gold Shaft Mining
34:42 Stone Mining
35:59 Stone Shaft Mining
42:25 Imperial Age
41:06 Fletching
43:59 Siege Engineers
44:15 Ballistics
44:56 Chemistry
44:37 Plate Barding Armor
45:02 Blast Furnace
44:25 Conscription
44:39 Cavalier
48:00 Crop Rotation
DJ Blyatman!
7:50 Loom
10:38 Feudal Age
15:42 Castle Age
14:27 Fletching
15:38 Padded Archer Armor
20:25 Double-Bit Axe
26:44 Horse Collar
27:55 Leather Archer Armor
29:30 Husbandry
29:41 Bloodlines
30:38 Bodkin Arrow
31:21 Town Watch
33:41 Thumb Ring
39:30 Bow Saw
40:09 Wheelbarrow
40:36 Ballistics
43:22 Imperial Age
41:12 Hand Cart
41:20 Hand Cart
41:13 Murder Holes
41:32 Heavy Plow
43:25 Coinage
43:36 Gold Mining
43:37 Stone Mining
44:49 Conscription
45:00 Conscription
44:03 Capped Ram
44:07 Heavy Mounted Crossbowman
44:08 Cranequins
45:20 Bracer
46:27 Ring Archer Armor
46:21 Masonry
49:15 Gold Shaft Mining
49:16 Stone Shaft Mining
ArdRay
6:48 Loom
9:10 Feudal Age
12:32 Scale Barding Armor
12:38 Forging
12:20 Double-Bit Axe
22:50 Castle Age
20:56 Gold Mining
22:00 Fletching
22:11 Padded Archer Armor
24:06 Bodkin Arrow
25:54 Leather Archer Armor
27:42 Husbandry
27:54 Bloodlines
28:43 Stone Mining
33:47 Ballistics
35:42 Thumb Ring
39:32 Bow Saw
45:19 Wheelbarrow
46:58 Gold Shaft Mining
47:30 Hand Cart
timoleon3
9:22 Loom
11:20 Feudal Age
13:50 Double-Bit Axe
16:08 Castle Age
15:09 Horse Collar
18:17 Bloodlines
21:20 Forging
22:29 Scale Barding Armor
23:00 Husbandry
26:38 Chain Barding Armor
29:05 Iron Casting
35:15 Fletching
42:23 Imperial Age
40:41 Stone Mining
41:18 Bodkin Arrow
42:42 Cavalier
47:38 Blast Furnace
47:13 Plate Barding Armor
47:31 Town Watch
48:21 Wheelbarrow
49:02 Plate Barding Armor
Connection lost

Rejoining the realm…

Still unreachable

The connection could not be restored.

Session expired

The server has moved on; the page needs a fresh start.